 Dungeon Crawl Stone Soup version 0.32-a0-975-g85d4e5bfdb (webtiles) character file.

Game seed: 2323830186712665309

956 jasper the Toxicologist (level 7, -3/32 HPs)
             Began as a Spriggan Alchemist on Apr 19, 2024.
             Was a Follower of Sif Muna.
             Slain by an orc priest
             ... wielding a +0 flail
              (7 damage)
             ... on level 6 of the Dungeon.
             The game lasted 00:09:43 (6230 turns).

jasper the Toxicologist (Spriggan Alchemist)        Turns: 6230, Time: 00:09:44

Health: -3/32      AC:  4    Str:  4    XL:     7   Next: 91%
Magic:  1/14       EV: 16    Int: 19    God:    Sif Muna [*.....]
Gold:   190        SH:  0    Dex: 15    Spells: 2/14 levels left

rFire   . . .        i - +2 whip (freeze)
rCold   . . .        (no shield)
rNeg    . . .        a - +1 robe
rPois   +            (helmet restricted)
rElec   .            u - +0 cloak
rCorr   .            (gloves unavailable)
SInv    +            (boots unavailable)
Will    +....        p - amulet of faith
Stlth   +++          q - ring of poison resistance
HPRegen 0.25/turn    (no ring)
MPRegen 0.14/turn

%: faith
@: very quick
A: very small, no large weapons, unfitting armour, see invisible, speed 3
a: Renounce Religion, Channel Magic


You were on level 6 of the Dungeon.
You worshipped Sif Muna.
Sif Muna was aware of your devotion.
You visited 1 branch of the dungeon, and saw 6 of its levels.

You collected 286 gold pieces.
You spent 96 gold pieces at shops.

Inventory:

Hand Weapons
 f - a +0 heavy hand axe
 i - a +2 whip of freezing (weapon)
Armour
 a - a +1 robe (worn)
 u - a +0 cloak (worn)
Magical Staves
 m - a staff of cold
Jewellery
 p - an amulet of faith (around neck)
 q - a ring of poison resistance (left hand)
 r - a ring of ice
 v - a ring of fire
Wands
 d - a wand of warping (10)
 l - a wand of acid (12)
 s - a wand of polymorph (8)
Scrolls
 c - 4 scrolls of teleportation
 g - a scroll of enchant weapon
 k - a scroll of immolation
 n - 4 scrolls of identify
 o - a scroll of brand weapon {unknown}
 w - 2 scrolls of blinking
Potions
 b - a potion of magic
 e - a potion of might
 h - 4 potions of curing
 j - a potion of mutation {unknown}
 t - a potion of brilliance {unknown}


   Skills:
 - Level 2.6 Dodging
 - Level 4.0 Stealth
 - Level 4.2 Spellcasting
 - Level 1.0 Conjurations
 + Level 2.1 Fire Magic
 - Level 1.0 Air Magic
 - Level 8.0 Alchemy
 - Level 5.0 Evocations


You had 2 spell levels left.
You knew the following spells:

 Your Spells              Type           Power      Damage    Failure   Level
a - Sting                 Conj/Alch      84%        1d8       2%          1
b - Mephitic Cloud        Conj/Alch/Air  16%        N/A       11%         3
c - Olgreb's Toxic Radia  Alch           34%        N/A       4%          4
d - Sticky Flame          Fire/Alch      23%        2d6       17%         4

Your spell library contained the following spells:

 Spells                   Type           Power      Damage    Failure   Level
 Mercury Vapours          Alch/Air       42%        N/A       3%          2
 Apportation              Tloc           8%         N/A       14%         1
 Necrotise                Necr           16%        1d4       14%         1
 Summon Small Mammal      Summ           16%        N/A       14%         1
 Vampiric Draining        Necr           4%         2d6       38%         3
 Martyr's Knell           Necr/Summ      4%         N/A       80%         4
 Curse of Agony           Necr           4%         N/A       98%         5


Dungeon Overview and Level Annotations

Branches:
Dungeon (6/15)             Temple (0/1) D:5

Altars:
Ashenzari
Okawaru
Sif Muna
Xom

Shops:
D:3 !   D:4 *


Innate Abilities, Weirdness & Mutations

You are very small and have problems with some larger weapons.
You are too small for most types of armour.
You have supernaturally acute eyesight. (SInv)
You cover ground extremely quickly. (Speed+++)


Message History

The centaur is almost dead.
The centaur hits you. The centaur closely misses you. x2
The centaur kicks you but does no damage.
Casting: Olgreb's Toxic Radiance (quite dangerous; 4% risk of failure)
Confirm with . or Enter, or press ? or * to list all spells.
You begin to radiate toxic energy.
The orc priest is poisoned.
You kill the centaur!
Sif Muna accepts your kill.
You can now call upon Sif Muna for magical energy.
The orc priest looks even sicker.
The orc priest calls down the wrath of Beogh upon you.
You resist with significant effort.
Training target 1.0 for Conjurations reached!
Training target 1.0 for Air Magic reached!
Your Conjurations skill increases to level 1!
Your Air Magic skill increases to level 1!
You need to enable at least one skill for training.
Your Fire Magic skill increases to level 2!
You now have 1/14 mp.
Casting: Olgreb's Toxic Radiance (quite dangerous; 4% risk of failure)
Confirm with . or Enter, or press ? or * to list all spells.
Okay, then.
The orc priest looks even sicker.
Things that are here:
a +0 orcbow; a centaur corpse Your toxic aura wanes.
The orc priest begins to cast a cantrip, but forgets the words!
Found 8 gold pieces.
You see here the +8 trident of the Octopus King {venom, rElec rPois}.
You hit the orc priest but do no damage.
The orc priest is heavily wounded.
The orc priest calls down the wrath of Beogh upon you.
Beogh smites you!
Ouch! That really hurt!
* * * LOW HITPOINT WARNING * * *
You take 15 damage, and have 4/32 hp.
MASSIVE DAMAGE!!
You hit the orc priest but do no damage.
The orc priest is severely wounded.
The orc priest hits you with a +0 flail!
You die...

.^......# #..........#
#....?.....# #
#..........#
#.#..........#
#.......)....#
$###..........#######
.............††.....####
......o@.)..............
.#######...#########..##
##### ##... #... ##..
#.. ###### #.....
........


You could see an orc priest (very poisoned).

Vanquished Creatures
  A black bear (D:6)
  An ogre (D:5)
  2 centaurs (D:6)
  2 scorpions
  A howler monkey (D:6)
  2 hounds
  Crazy Yiuf (D:5)
  3 iguanas
  13 adders
  6 gnolls
  A white imp (D:6)
  2 ufetubi (D:6)
  A dart slug (D:1)
  2 ribbon worms (D:4)
  12 orcs
  7 endoplasms
  2 giant cockroaches
  8 goblins
  10 hobgoblins
  6 kobolds
  3 quokkas
  7 ball pythons
  3 bats
  4 frilled lizards
  3 rats
103 creatures vanquished.

Notes
Turn   | Place    | Note
-------+----------+-------------------------------------------
     0 | D:1      | jasper the Spriggan Alchemist began the quest for the Orb.
     0 | D:1      | Reached XP level 1. HP: 9/9 MP: 5/5
   409 | D:1      | Reached XP level 2. HP: 13/13 MP: 4/6
  1678 | D:2      | Reached XP level 3. HP: 16/16 MP: 4/8
  1771 | D:2      | Reached skill level 1 in Evocations
  1861 | D:2      | Learned a level 3 spell: Mephitic Cloud
  2002 | D:2      | Reached skill level 4 in Alchemy
  2103 | D:2      | Found a faded altar of an unknown god.
  2243 | D:2      | Reached XP level 4. HP: 21/21 MP: 6/10
  2248 | D:2      | Learned a level 4 spell: Olgreb's Toxic Radiance
  3094 | D:3      | Found Ajugub's Distillery.
  3109 | D:3      | Bought a potion of curing for 36 gold pieces
  3109 | D:3      | Bought a potion of heal wounds for 60 gold pieces
  3315 | D:3      | Found an iron altar of Okawaru.
  3402 | D:4      | Found Bidupy's Assorted Antiques.
  3493 | D:4      | Found a shimmering blue altar of Sif Muna.
  3508 | D:4      | Reached XP level 5. HP: 24/24 MP: 4/12
  3528 | D:4      | Became a worshipper of Sif Muna the Loreminder
  3534 | D:4      | Learned a level 4 spell: Sticky Flame
  3709 | D:4      | Reached skill level 5 in Alchemy
  3956 | D:4      | Reached XP level 6. HP: 28/28 MP: 8/13
  4039 | D:4      | Reached skill level 1 in Fire Magic
  4142 | D:4      | Found a broken altar of Ashenzari.
  4779 | D:5      | Entered Level 5 of the Dungeon
  4891 | D:5      | Reached skill level 6 in Alchemy
  4975 | D:5      | Found a runed translucent door.
  4976 | D:5      | Noticed Crazy Yiuf
  5120 | D:5      | Reached * piety under Sif Muna
  5267 | D:5      | Found a shimmering altar of Xom.
  5316 | D:5      | Found a staircase to the Ecumenical Temple.
  5481 | D:5      | Reached XP level 7. HP: 22/32 MP: 9/14
  5792 | D:5      | Killed Crazy Yiuf
  5914 | D:6      | Reached skill level 7 in Alchemy
  5914 | D:6      | Reached skill level 5 in Evocations
  6199 | D:6      | Found the +8 trident of the Octopus King {venom, rElec
                  | rPois}
  6214 | D:6      | Reached skill level 8 in Alchemy
  6226 | D:6      | Reached skill level 1 in Conjurations
  6226 | D:6      | Reached skill level 1 in Air Magic
  6230 | D:6      | Slain by an orc priest

Illustrated notes

Levels and vault maps discovered:
D:1:      heliophobic_arrival_glass_houses, layout_loops_ring, serial_glass,
          glass_columns_a, glass_columns_b
D:2:      layout_basic, ebering_ecumenical_altar_hall
D:3:      layout_basic, mainiacjoe_overflow_alcove_4, serial_shops,
          nicolae_shop_tiny_waterfront
D:4:      minmay_inner_zag, layout_basic, amcnicky_altar_gilded,
          mainiacjoe_overflow_24_doors, serial_shops, shop
D:5:      layout_basic, mainiacjoe_overflow_surrounded_room,
          minmay_temple_entry_statues_fountains, uniq_crazy_yiuf_cottage
D:6:      layout_basic

Skill      XL: |  1  2  3  4  5  6  7 |
---------------+----------------------+-----
Stealth        | 4 |  4.0
Spellcasting   | 3 4 |  4.2
Evocations     | 1 2 3 4 5 |  5.0
Alchemy        | 4 5 6 8 |  8.0
Fire Magic     | 1 2 |  2.1
Conjurations   | 1 |  1.0
Air Magic      | 1 |  1.0
Dodging        | |  2.6

Action                     |  1- 3 |  4- 6 |  7- 9 || total
---------------------------+-------+-------+-------++-------
  Melee: Unarmed           |     5 |       |       ||     5
         Whip              |     4 |    19 |     9 ||    32
   Cast: Sting             |    70 |   104 |    17 ||   191
         Olgreb's Toxic Ra |       |    13 |     9 ||    22
         Mephitic Cloud    |       |       |     1 ||     1
    Use: Scroll            |     5 |     5 |       ||    10
         Potion            |       |       |     1 ||     1
 Armour: Robe              |    14 |    27 |    17 ||    58
  Dodge: Dodged            |    30 |    37 |    22 ||    89

Table legend: (Time is in decaauts)
 A = Elapsed time spent in this place.
 B = Non-inter-level travel time spent in this place.
 C = Inter-level travel time spent in this place.
 D = Time resting spent in this place.
 E = Time spent auto-exploring this place.
 F = Levels seen in this place.
 G = Mean time per level.
                   A        B        C        D        E       F      G
               +--------+--------+--------+--------+--------+-----+--------+
         Total |   4805 |   4639 |    166 |    187 |   3790 |   6 |  800.8 |
       Dungeon |   4805 |   4639 |    166 |    187 |   3790 |   6 |  800.8 |
               +--------+--------+--------+--------+--------+-----+--------+

Top non-repeatable levels by time:
     D:4: 1087 daAuts
     D:1: 928 daAuts
     D:2: 926 daAuts
     D:5: 861 daAuts
     D:3: 695 daAuts
     D:6: 305 daAuts
